 Dungeon Crawl Stone Soup version 0.27-a0-1434-g6f15984924 (webtiles) character file.

Game seed: 14080060428143746171

692 quinnr the Digger (level 7, 0/36 HPs)
             Began as a Deep Elf Earth Elementalist on July 3, 2021.
             Was a Follower of Vehumet.
             Slain by a water moccasin (6 damage)
             ... on level 6 of the Dungeon.
             The game lasted 00:11:07 (6712 turns).

quinnr the Digger (Deep Elf Earth Elementalist)     Turns: 6712, Time: 00:11:08

Health: 0/36       AC:  7    Str:  5    XL:     7   Next: 36%
Magic:  14/25      EV: 12    Int: 22    God:    Vehumet [*.....]
Gold:   327        SH:  0    Dex: 15    Spells: 11/16 levels left

rFire    . . .     SeeInvis +   s - +1 trident (venom)
rCold    . . .     Faith    +   (no shield)
rNeg     . . .     Spirit   .   b - +0 robe
rPois    .         Reflect  .   n - +1 hat {SInv}
rElec    .         Harm     .   (no cloak)
rCorr    .         Rampage  .   (no gloves)
Will     .....                  (no boots)
Stlth    ++........             g - amulet of faith
HPRegen  0.12/turn              j - ring of magical power
MPRegen  0.19/turn              c - +4 ring of protection

@: lethally poisoned (0 -> -13)
A: no striking features
a: Renounce Religion


You were on level 6 of the Dungeon.
You worshipped Vehumet.
Vehumet was aware of your devotion.
You visited 2 branches of the dungeon, and saw 7 of its levels.

You collected 327 gold pieces.

Inventory:

Hand Weapons
 p - a +0 dagger
 s - a +1 trident of venom (weapon)
Missiles
 r - 43 stones
 w - a curare-tipped dart
Armour
 b - a +0 robe (worn)
 n - a +1 hat of see invisible (worn)
Jewellery
 c - a +4 ring of protection (right hand)
 g - an amulet of faith (around neck)
 j - a ring of magical power (left hand)
 u - an amulet of guardian spirit
Wands
 q - a wand of mindburst (16)
Scrolls
 a - 5 scrolls of teleportation
 d - 4 scrolls of noise
 f - a scroll of blinking
 h - 2 scrolls of fear
 i - 2 scrolls of enchant armour
 t - 2 scrolls of amnesia {unknown}
 v - a scroll of magic mapping {unknown}
Potions
 e - 2 potions of haste {unknown}
 k - a potion of flight {unknown}
 l - a potion of curing
 m - 2 potions of attraction {unknown}
 o - a potion of invisibility {unknown}


   Skills:
 - Level 2.4 Dodging
 - Level 2.4 Stealth
 - Level 5.2 Spellcasting
 + Level 5.0 Conjurations
 - Level 1.1 Transmutations
 - Level 7.0 Earth Magic


You had 11 spell levels left.
You knew the following spells:

 Your Spells              Type           Power      Damage    Failure   Level
a - Sandblast             Erth           72%        2d16      1%          1
b - Stone Arrow           Conj/Erth      64%        3d11      2%          3
c - Shock                 Conj/Air       64%        1d7       3%          1

Your spell library contained the following spells:

 Spells                   Type           Power      Damage    Failure   Level
 Passwall                 Tmut/Erth      19%        N/A       2%          2
 Petrify                  Tmut/Erth      23%        N/A       19%         4


Dungeon Overview and Level Annotations

Branches:
Dungeon (6/15)             Temple (1/1) D:4

Altars:
Ashenzari
Elyvilon
Gozag
Makhleb
Nemelex Xobeh
Qazlal
Sif Muna
Trog
Uskayaw
Vehumet
Zin
Lugonu


Message History

* * * LOW HITPOINT WARNING * * *
You feel very sick.
The water moccasin bites you but does no damage.
Casting: Stone Arrow (dangerous; 2% risk of failure)
Confirm with . or Enter, or press ? or * to list all spells.
Aiming: Stone Arrow (dangerous; 2% risk of failure)
Press: ? - help, Shift-Dir - straight line, f/p - water moccasin
Aim: a water moccasin (57% to hit)
The stone arrow hits the water moccasin!
The water moccasin is heavily wounded.
* * * LOW HITPOINT WARNING * * *
You feel very sick. The water moccasin barely misses you.
The water moccasin bites you but does no damage.
Casting: Stone Arrow (dangerous; 2% risk of failure)
Confirm with . or Enter, or press ? or * to list all spells.
Aiming: Stone Arrow (dangerous; 2% risk of failure)
Press: ? - help, Shift-Dir - straight line, f/p - water moccasin
Aim: a water moccasin (heavily wounded, 57% to hit)
The stone arrow misses the water moccasin.
* * * LOW HITPOINT WARNING * * *
You feel very sick.
The water moccasin bites you but does no damage.
It was a potion of curing.
You feel better. The water moccasin bites you.
* * * LOW HITPOINT WARNING * * *
You are lethally poisoned!
The water moccasin poisons you! The water moccasin closely misses you.
Okay, then.
Unknown command.
Casting: Stone Arrow (dangerous; 2% risk of failure)
Confirm with . or Enter, or press ? or * to list all spells.
Aiming: Stone Arrow (dangerous; 2% risk of failure)
Press: ? - help, Shift-Dir - straight line, f/p - water moccasin
Aim: a water moccasin (heavily wounded, 57% to hit)
The stone arrow hits the water moccasin!
The water moccasin is almost dead.
* * * LOW HITPOINT WARNING * * *
You feel very sick. The water moccasin bites you.
You die...

#....####
#..####...
#.......#
#.........
#.....(.#
#..####...
#.......####).#
#.......##....#
##.....###5g.##
##...## #g#.......
###)''####.#######.
#.))@S).##.#
#.#<..###...# ..
##.###g#### ##
##.#.## #...#.##
##.#### #. #


You could see a water moccasin.

Vanquished Creatures
  An ogre (D:5)
  2 kobold brigands
  A gnoll sergeant (D:6)
  A wyvern zombie (D:5)
  A howler monkey (D:3)
  A centaur skeleton (D:4)
  An iguana (D:5)
  An orc wizard (D:4)
  A howler monkey zombie (D:5)
  5 gnolls
  6 adders
  A shadow imp (D:5)
  A worm (D:3)
  A dart slug (D:2)
  10 orcs
  8 ball pythons
  4 bats
  6 endoplasms
  3 giant cockroaches
  7 goblins
  4 hobgoblins
  12 jackals
  12 kobolds
  2 quokkas (D:2)
  5 frilled lizards
  6 rats
103 creatures vanquished.

Vanquished Creatures (others)
  9 fungi
  9 plants
  8 toadstools (D:6)
26 creatures vanquished.

Grand Total: 129 creatures vanquished

Notes
Turn   | Place    | Note
-------+----------+-------------------------------------------
     0 | D:1      | quinnr the Deep Elf Earth Elementalist began the quest for
                  | the Orb.
     0 | D:1      | Reached XP level 1. HP: 10/10 MP: 6/6
   199 | D:1      | Reached XP level 2. HP: 14/15 MP: 5/8
   630 | D:1      | Found a faded altar of an unknown god.
   779 | D:1      | Reached skill level 4 in Earth Magic
   979 | D:2      | Reached XP level 3. HP: 19/19 MP: 6/10
   987 | D:2      | Learned a level 3 spell: Stone Arrow
  2158 | D:3      | Reached XP level 4. HP: 24/24 MP: 12/12
  2256 | D:3      | Reached skill level 1 in Conjurations
  2796 | D:4      | Found a hide-covered altar of Uskayaw.
  2817 | D:3      | Reached skill level 5 in Spellcasting
  2817 | D:3      | Reached XP level 5. HP: 20/28 MP: 14/14
  2903 | D:4      | Reached skill level 5 in Earth Magic
  3037 | D:5      | Entered Level 5 of the Dungeon
  3677 | D:4      | Found a staircase to the Ecumenical Temple.
  3686 | Temple   | Entered the Ecumenical Temple
  3698 | Temple   | Became a worshipper of Vehumet
  4479 | D:5      | Reached XP level 6. HP: 12/32 MP: 15/15
  4707 | D:5      | Reached skill level 6 in Earth Magic
  4755 | D:5      | Found a glowing silver altar of Zin.
  4838 | D:5      | Found a white marble altar of Elyvilon.
  5079 | D:5      | Found a stormy altar of Qazlal.
  5195 | D:5      | Found an opulent altar of Gozag.
  6210 | D:6      | Reached skill level 7 in Earth Magic
  6210 | D:6      | Reached XP level 7. HP: 21/36 MP: 15/16
  6417 | D:6      | Reached * piety under Vehumet
  6417 | D:6      | Offered knowledge of Shock by Vehumet.
  6552 | D:5      | Reached skill level 5 in Conjurations
  6704 | D:6      | Learned a level 1 spell: Shock
  6710 | D:6      | HP: 2/36 [poisoned by a water moccasin]
  6712 | D:6      | Slain by a water moccasin

Illustrated notes

Levels and vault maps discovered:
D:1:      amcnicky_arrival_flooded_fountain, layout_basic,
          shapermc_ecumenical_altar_mp_ritualfount, minmay_tetromino_o2
D:2:      layout_basic, lexackson_kobold_supper
D:3:      layout_basic, chequers_serial_rivers_small_b
D:4:      layout_basic, amcnicky_altar_gilded, minmay_temple_entry_purple_smoke
D:5:      layout_basic, general_overflow_altar, nicolae_overflow_hidden_temple,
          lemuel_crystal_altar, nicolae_qazlal_eye_of_the_storm
D:6:      cheibrodos_fertilizer, layout_loops_ring, nicolae_specific_store,
          uniq_maggie
Temple:   corrupted_temple

Skill      XL: |  1  2  3  4  5  6  7 |
---------------+----------------------+-----
Spellcasting   | 4 5 |  5.2
Earth Magic    | 4 5 7 |  7.0
Conjurations   | 1 2 4 5 |  5.0
Dodging        | |  2.4
Stealth        | |  2.4
Transmutations | |  1.1

Action                   |  1- 3 |  4- 6 |  7- 9 || total
-------------------------+-------+-------+-------++-------
Melee: Unarmed           |    31 |     1 |       ||    32
       Dagger            |       |    17 |       ||    17
       Trident           |       |    11 |     4 ||    15
 Cast: Sandblast         |    67 |    24 |     1 ||    92
       Stone Arrow       |       |    37 |    17 ||    54
  Use: Scroll            |     5 |       |       ||     5
       Potion            |       |       |     1 ||     1
Armor: Robe              |     9 |    21 |     3 ||    33
Dodge: Dodged            |    21 |    36 |     9 ||    66

Table legend: (Time is in decaauts)
 A = Elapsed time spent in this place.
 B = Non-inter-level travel time spent in this place.
 C = Inter-level travel time spent in this place.
 D = Time resting spent in this place.
 E = Time spent auto-exploring this place.
 F = Levels seen in this place.
 G = Mean time per level.
                   A        B        C        D        E       F      G
               +--------+--------+--------+--------+--------+-----+--------+
         Total |   6736 |   6334 |    402 |   1311 |   4266 |   7 |  962.3 |
       Dungeon |   6681 |   6292 |    389 |   1311 |   4231 |   6 | 1113.5 |
        Temple |     54 |     41 |     13 |      0 |     35 |   1 |   54.0 |
               +--------+--------+--------+--------+--------+-----+--------+

Top non-repeatable levels by time:
     D:5: 2112 daAuts
     D:4: 1363 daAuts
     D:3: 1086 daAuts
     D:2: 981 daAuts
     D:1: 974 daAuts
     D:6: 163 daAuts
  Temple: 54 daAuts
